 Dungeon Crawl Stone Soup version 0.30-a0-1082-g70414cbcbb (webtiles) character file.

Game seed: 4088272608850069230

83707 NateTC the Tortoise (level 15, -1/103 HPs)
             Began as a Gargoyle Fighter on Apr 15, 2023.
             Was a High Priest of Trog.
             Slain by Asterion
             ... wielding a +5 vampiric broad axe
              (9 damage)
             ... on level 2 of the Lair of Beasts.
             The game lasted 00:53:45 (17628 turns).

NateTC the Tortoise (Gargoyle Fighter)             Turns: 17628, Time: 00:53:46

Health: -1/103     AC: 41    Str: 23    XL:     15   Next: 78%
Magic:  0/15       EV: 11    Int: 10    God:    Trog [*****.]
Gold:   890        SH:  9    Dex: 15    Spells: 14/14 levels left

rFire   + . .      SeeInvis +    a - +8 flail "Wyatounu" {heavy, Fly}
rCold   . . .      Faith    .    x - +2 buckler
rNeg    + + +      Spirit   +    n - +8 chain mail {Will+}
rPois   ∞          Reflect  .    I - +2 helmet
rElec   +          Rampage  .    d - scarf {repulsion}
rCorr   +                        M - +0 pair of gloves
Will    ++++.                    k - +2 pair of boots Stlth
                                 q - amulet of guardian spirit
HPRegen 1.37/turn                s - ring "Hool" {rF+ rN++ rCorr Str-3 SInv}
MPRegen 0.14/turn                O - +6 ring of dexterity

@: mighty, strong-willed, on berserk cooldown, flying, regenerating, slowed,
repel missiles, very slow
A: sickness immunity, AC +11, big wings, negative energy resistance 1,
electricity resistance, torment resistance 1, petrification resistance
a: Renounce Religion, Berserk, Trog's Hand, Brothers in Arms


You were on level 2 of the Lair of Beasts.
You worshipped Trog.
Trog was extremely pleased with you.
You visited 4 branches of the dungeon, and saw 17 of its levels.
You also visited: Ossuary and Bailey.

You collected 1285 gold pieces.
You spent 395 gold pieces at shops.

Inventory:

Hand Weapons
 a - the +8 flail "Wyatounu" (weapon) {heavy, Fly}
   (Trog gifted it to you on level 5 of the Lair of Beasts)

   Fly:       It grants you flight.
Armour
 d - a scarf of repulsion (worn)
 k - a +2 pair of boots (worn)
 n - a +8 chain mail of willpower (worn)
 x - a +2 buckler (worn)
 I - a +2 helmet (worn)
 M - a +0 pair of gloves (worn)
 P - the +7 chain mail "Miedwueqi" {rElec rF+ rC- rN+}
   (You found it on level 5 of the Lair of Beasts)

   rF:        It protects you from fire.
   rC:        It makes you vulnerable to cold.
   rElec:     It insulates you from electricity.
   rN:        It protects you from negative energy.
Jewellery
 q - an amulet of guardian spirit (around neck)
 s - the ring "Hool" (left hand) {rF+ rN++ rCorr Str-3 SInv}
   (You acquired it on level 6 of the Dungeon)

   [ring of protection from fire]

   Str:       It affects your strength (-3).
   rF:        It protects you from fire.
   rN:        It greatly protects you from negative energy.
   SInv:      It lets you see invisible.
   rCorr:     It protects you from acid and corrosion.
 w - a ring of ice
 N - a ring of see invisible
 O - a +6 ring of dexterity (right hand)
Wands
 e - a wand of roots (11)
 p - a wand of flame (3)
 C - a wand of paralysis (19)
 D - a wand of acid (17)
 L - a wand of digging (5)
Scrolls
 b - 3 scrolls of fog
 j - 7 scrolls of teleportation
 y - 7 scrolls of enchant weapon
 B - 2 scrolls of identify
 E - 2 scrolls of silence
 F - 2 scrolls of blinking
 G - 6 scrolls of immolation
 H - 2 scrolls of poison
 K - a scroll of magic mapping
Potions
 f - 4 potions of heal wounds
 g - a potion of attraction
 h - 2 potions of cancellation
 i - 3 potions of flight
 l - 8 potions of mutation
 m - 11 potions of curing
 o - 5 potions of lignification
 r - 3 potions of haste
 t - 5 potions of invisibility
 u - 4 potions of brilliance
 v - 5 potions of resistance
 z - 2 potions of berserk rage
 J - a potion of magic
Miscellaneous
 c - a phantom mirror


   Skills:
 * Level 15.3 Fighting
 - Level 12.2 Maces & Flails
 - Level 15.5 Armour
 - Level 5.5 Dodging
 - Level 12.3 Shields
 + Level 9.7 Evocations


You had 14 spell levels left.
You didn't know any spells.
Your spell library contained the following spells:

 Spells                   Type           Power      Damage    Failure   Level
 Ensorcelled Hibernation  Hex/Ice        0%         N/A       94%         2
 Passwall                 Tmut/Erth      0%         N/A       94%         2
 Swiftness                Air            0%         N/A       99%         3


Dungeon Overview and Level Annotations

Branches:
Dungeon (10/15) Zot: 26021  Temple (1/1) D:4 Zot: 5960    Lair (5/5) D:10 Zot: 23646
  Swamp (0/4) Lair:2        Snake (1/4) Lair:2 Zot: 5992   Slime (0/5) Lair:5
Ossuary (visited)          Bailey (visited)
    Orc: D:9-12

Altars:
Ashenzari
Cheibriados
Dithmenos
Elyvilon
Fedhas
Gozag
Hepliaklqana
Kikubaaqudgha
Makhleb
Nemelex Xobeh
Okawaru
Qazlal
Ru
Sif Muna
Trog
Uskayaw
Vehumet
Wu Jian
Xom
Yredelemnul
Zin
The Shining One
Jiyva

Shops:
D:1 [?(   D:5 [   D:7 *

Annotations:
D:3 2 transporters, BubbleThief's ghost, amateur NaCA
D:7 1 runed translucent door, Crazy Yiuf
Lair:2 Asterion
Lair:5 1 runed translucent door


Innate Abilities, Weirdness & Mutations

You are immune to sickness and miasma.
Your stone body is resilient. (AC +11)
You are immune to poison.
Your large and strong wings let you fly.
You resist negative energy. (rN+)
You are resistant to electric shocks. (rElec)
You are resistant to unholy torment.
You are immune to petrification.


Message History

* * * LOW HITPOINT WARNING * * *
The black mamba bites you but does no damage.
Asterion completely misses you. Asterion gores you but does no damage.
You sock the black mamba!
You kill the black mamba!
Trog accepts your kill. Asterion barely misses you.
You block Asterion's attack. You block the black mamba's attack.
You bludgeon the black mamba!!
The black mamba is severely wounded.
Asterion hits you with a +5 vampiric broad axe!
* * * LOW HITPOINT WARNING * * *
Asterion gores you but does no damage.
The black mamba bites you but does no damage.
You block the cacodemon's attack.
The cacodemon hits you but does no damage.
You sock the black mamba!
You kill the black mamba!
Trog accepts your kill. Asterion closely misses you.
Asterion gores you but does no damage. The cacodemon hits you!
* * * LOW HITPOINT WARNING * * *
The cacodemon hits you but does no damage.
You are too berserk!
You feel a strong urge to attack something.
Asterion attacks as you move away! Asterion hits you but does no damage.
You block Asterion's attack.
You are no longer berserk.
You are exhausted.
You feel yourself slow down.
You feel much better.
Asterion hits you with a +5 vampiric broad axe!
* * * LOW HITPOINT WARNING * * *
Asterion gores you but does no damage. Asterion hits you but does no damage.
Asterion gores you but does no damage. Asterion attacks as you move away!
Asterion hits you with a +5 vampiric broad axe!!
* * * LOW HITPOINT WARNING * * *
Asterion gores you!
You die...

........>.######....#####.P......
.#...#......# ##..## ##...P##.#
#...##......# #...####...####..
....###'P#### ##...##P..## #..
...####'## ##...#...#.# ##..
..##....P########...####..####...
.............P##.P...###..#...#..
..#.....#........2.†.).#.........
⌠.####.##.##....@H.P>......#.P.#.
...##..##########........###..##+
...........# #.......## ###...
..###.....## ##...#....## ##...
.....##...# #...###..#.# #....
......#...## ##...# #..P.# ##...
#...⌠....#.# #P..## #...## ###.
.##....###.# ##...# #..## ##
.###+.#.#### #....# ##..## ##


You could see Asterion (fast) and a cacodemon (summoned).

Vanquished Creatures
  2 hydras (Lair:5)
  Erica (Lair:1)
  3 catoblepae
  A two-headed ogre (D:10)
  2 boulder beetles (Lair:2)
  12 death yaks
  Nergalle (Lair:2)
  3 skysharks
  An orc knight (Bailey)
  2 manticores (Lair:3)
  15 elephants
  8 black mambas
  14 cane toads
  6 komodo dragons
  4 unseen horror zombies (D:9)
  3 polar bears
  3 trolls
  Grinder (D:4)
  6 hornets (Lair:5)
  15 dream sheep
  18 blink frogs
  Sigmund (D:5)
  14 spriggans (Lair:5)
  A wraith (D:8)
  4 wyverns
  Eustachio (D:5)
  A basilisk (Lair:5)
  46 yaks
  Menkaure (D:6)
  A naga (Lair:2)
  Edmund (D:5)
  24 water moccasins
  Duvessa (D:6)
  10 black bears
  8 orc warriors (Bailey)
  An ice beast (D:6)
  3 boggarts (Lair:5)
  An ogre (D:5)
  30 wolves
  A centaur (D:10)
  2 phantoms
  2 kobold brigands
  8 bullfrogs
  9 scorpions
  4 wights (D:8)
  Dowan (D:6)
  12 killer bees
  11 electric eels
  2 howler monkeys (D:7)
  4 centaur zombies (D:9)
  7 orc priests
  A sleepcap (D:5)
  3 hounds
  A gnoll bouda (D:8)
  Jessica (D:2)
  5 iguanas
  Terence (D:2)
  13 orc wizards
  8 mummies (Ossuary)
  2 howler monkey zombies (D:9)
  6 gnolls
  8 adders
  A white imp (D:7)
  An ufetubus (D:5)
  4 worms
  2 dart slugs
  50 orcs
  7 bats
  5 endoplasms
  5 giant cockroaches
  8 goblins
  9 hobgoblins
  3 quokkas
  7 ball pythons
  5 frilled lizards
  3 hobgoblin zombies (Ossuary)
  15 kobolds
  2 kobold zombies (Ossuary)
  3 orc zombies (Ossuary)
  6 rats
518 creatures vanquished.

Vanquished Creatures (collateral kills)
  A two-headed ogre (D:10)
  2 cane toads (Lair:1)
  2 yaks (Lair:1)
  A water moccasin (D:10)
  A black bear (D:10)
  A bullfrog (D:10)
8 creatures vanquished.

Vanquished Creatures (others)
  A gnoll (D:5)
  51 fungi
  58 plants
110 creatures vanquished.

Grand Total: 636 creatures vanquished

Notes
Turn   | Place    | Note
-------+----------+-------------------------------------------
     0 | D:1      | NateTC the Gargoyle Fighter began the quest for the Orb.
     0 | D:1      | Reached XP level 1. HP: 14/14 MP: 1/1
   102 | D:1      | Reached XP level 2. HP: 19/19 MP: 2/2
   183 | D:1      | Found Yfrankoz's Armour Shoppe.
   333 | D:1      | Found Ati Cufa's Antique Weapon Shoppe.
   413 | D:1      | Found Genevenn's Magic Scroll Shop.
   417 | D:1      | Reached XP level 3. HP: 24/24 MP: 3/3
   548 | D:1      | Bought a scroll of teleportation for 33 gold pieces
  1205 | D:2      | Reached XP level 4. HP: 29/29 MP: 4/4
  1248 | D:2      | Noticed Jessica
  1261 | D:2      | Killed Jessica
  1305 | D:2      | Noticed Terence
  1317 | D:2      | Killed Terence
  1318 | D:2      | Reached XP level 5. HP: 29/33 MP: 5/5
  1485 | D:3      | Identified the +1 short sword "Azikhor" {protect, rC+}
  1610 | D:3      | Found a transporter.
  1610 | D:3      | Noticed BubbleThief's ghost (amateur NaCA)
  2032 | D:3      | You fall into a shaft and drop 2 floors!
  2032 | D:5      | Entered Level 5 of the Dungeon
  2085 | D:4      | Reached XP level 6. HP: 31/38 MP: 6/6
  2377 | D:4      | Reached skill level 5 in Maces & Flails
  2562 | D:3      | Found a transporter.
  2812 | D:4      | Found a staircase to the Ecumenical Temple.
  2828 | D:4      | Noticed Grinder
  2846 | Temple   | Entered the Ecumenical Temple
  2880 | Temple   | Became a worshipper of Trog the Wrathful
  2913 | D:4      | Paralysed by Grinder for 5 turns
  2936 | D:4      | Paralysed by Grinder for 5 turns
  2947 | D:4      | Paralysed by Grinder for 4 turns
  2956 | D:4      | Paralysed by Grinder for 4 turns
  2965 | D:4      | Killed Grinder
  2966 | D:4      | Reached skill level 5 in Fighting
  2966 | D:4      | Reached skill level 5 in Armour
  2966 | D:4      | Reached XP level 7. HP: 22/45 MP: 4/7
  3569 | D:5      | Found Riran's Antique Armour Shoppe.
  3720 | D:5      | Reached skill level 1 in Evocations
  3915 | D:5      | Reached XP level 8. HP: 29/52 MP: 6/8
  4005 | D:5      | Reached * piety under Trog
  4198 | D:5      | Reached skill level 5 in Shields
  4386 | D:5      | Noticed Sigmund
  4393 | D:5      | Killed Sigmund
  4769 | D:5      | Noticed Eustachio
  4911 | D:5      | Killed Eustachio
  5075 | D:5      | Noticed Edmund
  5096 | D:5      | Killed Edmund
  5097 | D:5      | Reached XP level 9. HP: 29/60 MP: 6/9
  5403 | D:6      | Found a sand-covered staircase.
  5408 | Ossuary  | Entered an ossuary
  5447 | Ossuary  | Reached ** piety under Trog
  5897 | D:6      | Noticed Duvessa
  5897 | D:6      | Noticed Dowan
  5909 | D:6      | Killed Dowan
  5911 | D:6      | Killed Duvessa
  5912 | D:6      | Reached skill level 10 in Fighting
  6233 | D:6      | Noticed Menkaure
  6238 | D:6      | Killed Menkaure
  6730 | D:6      | Identified 2 scrolls of acquirement
  6730 | D:6      | Acquired a scarf of repulsion
  6737 | D:6      | Acquired the ring "Hool" {rF+ rN++ rCorr Str-3 SInv}
  6824 | D:7      | Found Hoeral's Fire Supplies.
  6880 | D:7      | Reached skill level 5 in Evocations
  6894 | D:7      | Reached XP level 10. HP: 45/68 MP: 6/10
  7003 | D:7      | Found a radiant altar of Vehumet.
  7172 | D:7      | Found a flagged portal.
  7180 | Bailey   | Entered a bailey
  7188 | Bailey   | Reached *** piety under Trog
  7404 | Bailey   | Noticed an orc knight
  7447 | Bailey   | Killed an orc knight
  7795 | D:7      | Found a runed translucent door.
  7796 | D:7      | Noticed Crazy Yiuf
  8145 | D:8      | Found a shimmering blue altar of Sif Muna.
  8147 | D:8      | Found an ancient bone altar of Kikubaaqudgha.
  8149 | D:8      | Found an opulent altar of Gozag.
  8478 | D:8      | Found a stormy altar of Qazlal.
  8809 | D:9      | Reached XP level 11. HP: 30/72 MP: 4/11
  9141 | D:9      | Reached **** piety under Trog
  9280 | D:9      | Found a basalt altar of Yredelemnul.
  9402 | D:9      | Found a sparkling altar of Nemelex Xobeh.
  9932 | D:1      | Bought a scroll of identify for 22 gold pieces
  9932 | D:1      | Bought a scroll of blinking for 82 gold pieces
  9932 | D:1      | Bought a scroll of blinking for 82 gold pieces
  9932 | D:1      | Bought a scroll of immolation for 44 gold pieces
  9932 | D:1      | Bought a scroll of identify for 22 gold pieces
  9932 | D:1      | Bought a scroll of identify for 22 gold pieces
  9932 | D:1      | Bought a scroll of immolation for 44 gold pieces
  9932 | D:1      | Bought a scroll of poison for 44 gold pieces
 10249 | D:10     | Entered Level 10 of the Dungeon
 10514 | D:10     | Reached ***** piety under Trog
 10532 | D:10     | Found a sacrificial altar of Ru.
 10562 | D:10     | Noticed a two-headed ogre
 10569 | D:10     | Killed a two-headed ogre
 10588 | D:10     | Found a staircase to the Lair.
 10619 | D:10     | Reached skill level 10 in Armour
 10783 | D:10     | Found a burning altar of Makhleb.
 10849 | D:10     | Noticed a blizzard demon
 10852 | D:10     | Found a glowing silver altar of Zin.
 10852 | D:10     | Noticed an angel
 10857 | D:10     | Noticed a two-headed ogre
 10867 | D:10     | Killed a two-headed ogre
 11213 | Lair:1   | Entered Level 1 of the Lair of Beasts
 11233 | Lair:1   | Reached XP level 12. HP: 81/81 MP: 8/12
 11689 | Lair:1   | Reached skill level 15 in Armour
 11919 | Lair:1   | Found a sacrificial altar of Ru.
 11929 | Lair:1   | Noticed Erica
 11939 | Lair:1   | Killed Erica
 12388 | Lair:2   | Found a staircase to the Swamp.
 12429 | Lair:2   | Found a staircase to the Snake Pit.
 12460 | Lair:2   | Reached skill level 10 in Maces & Flails
 12615 | Lair:2   | Noticed Nergalle
 12648 | Lair:2   | Reached XP level 13. HP: 59/87 MP: 10/13
 12798 | Lair:2   | You fall into a shaft and drop 2 floors!
 13236 | Lair:3   | Reached skill level 10 in Shields
 13372 | Lair:2   | Killed Nergalle
 14549 | Lair:3   | Reached skill level 5 in Dodging
 14549 | Lair:3   | Gained mutation: Your large and strong wings let you fly.
                  | [Gargoyle growth]
 14549 | Lair:3   | Reached XP level 14. HP: 73/94 MP: 11/14
 14996 | Lair:4   | Identified the +1 robe "Zealer" {Harm rElec}
 15127 | Lair:4   | Reached XP level 15. HP: 81/99 MP: 11/15
 15569 | Lair:5   | Entered Level 5 of the Lair of Beasts
 16283 | Lair:5   | Reached ****** piety under Trog
 16298 | Lair:5   | Found a runed translucent door.
 16299 | Lair:5   | Found a viscous altar of Jiyva.
 16300 | Lair:5   | Noticed an acid blob
 16301 | Lair:5   | Found a staircase to the Slime Pits.
 16301 | Lair:5   | Noticed an acid blob
 16443 | Lair:5   | Identified the +8 flail "Wyatounu" {heavy, Fly} (Trog
                  | gifted it to you on level 5 of the Lair of Beasts)
 16443 | Lair:5   | Received a gift from Trog
 16681 | Lair:5   | Identified the +3 leather armour of Impatience {*Slow
                  | Regen+ Str+5}
 16893 | Lair:5   | Identified the +7 chain mail "Miedwueqi" {rElec rF+ rC-
                  | rN+}
 17149 | Lair:5   | Reached skill level 15 in Fighting
 17597 | Snake:1  | Entered Level 1 of the Snake Pit
 17597 | Snake:1  | Noticed Asterion
 17628 | Lair:2   | Slain by Asterion

Illustrated notes

Levels and vault maps discovered:
D:1:      giann_wishing_wells, layout_loops_ring, serial_shops, shop,
          nicolae_shop_tiny_statue_garden, shop
D:2:      layout_basic, uniq_jessica, uniq_terence
D:3:      layout_basic, gammafunk_ghost_mausoleum, hangedman_decor_points
D:4:      layout_loops_corners, minmay_temple_entry_hall, uniq_grinder
D:5:      layout_basic, serial_shops, shop, hex_medium, grunt_ministairs_2,
          uniq_edmund, uniq_sigmund, uniq_eustachio
D:6:      layout_layer_cave, enter_ossuary_5, dk_vineyard_1,
          minmay_a_box_with_orc_wizards_in_it, uniq_duvessa, uniq_menkaure
D:7:      layout_basic, mainiacjoe_overflow_alcove_2, enter_bailey_2,
          chequers_serial_rivers_small_a, nicolae_shop_fire_sale
          [nicolae_sub_dead_trees], uniq_crazy_yiuf_cottage
D:8:      layout_cave_pools, gammafunk_temple_overflow_forgotten,
          lemuel_crystal_altar, serial_bayou, serial_bayou_pond_d,
          serial_bayou_lake_a, serial_bayou_ford_a, serial_bayou_pond_c
D:9:      layout_roguey, overflow_temple_1_default,
          nicolae_yredelemnul_corpse_copse
D:10:     layout_basic, grunt_temple_overflow_order_and_chaos_2,
          nicolae_ru_path_of_blood, due_lair_maze_entry_diamond,
          kennysheep_generic_room_12
Temple:   nicolae_temple_ecumenical_triangle
Lair:1:   layout_misc_corridors, basic_altar, enter_volcano_2, uniq_erica
Lair:2:   layout_regular_city, minmay_swamp_entry_eels,
          minmay_snake_entry_six_corridors, grunt_megastairs_4, uniq_nergalle
Lair:3:   nzn_motion_control, layout_misc_corridors, st_stairs_12,
          infiniplex_staircase_pool
Lair:4:   layout_loops_ring, serial_bayou_shore_b
Lair:5:   minmay_lair_end_enchanted_forest, layout_hall_layers, slime_entry_2
Snake:1:  layout_onion_interference, serial_shops, nicolae_shop_trees,
          uniq_asterion

Skill      XL: |  1  2  3  4  5  6  7  8  9 10 11 12 13 14 15 |
---------------+----------------------------------------------+-----
Fighting       | 4 5 6 9 10 11 12 13 15 | 15.3
Maces & Flails | 3 4 5 6 9 10 12 | 12.2
Shields        | 4 5 6 8 10 11 12 | 12.3
Armour         | 4 5 6 8 12 15 | 15.5
Evocations     | 1 3 5 7 9 |  9.7
Dodging        | 5 |  5.5

Action                     |  1- 3 |  4- 6 |  7- 9 | 10-12 | 13-15 || total
---------------------------+-------+-------+-------+-------+-------++-------
  Melee: Flail             |   127 |   206 |   445 |   801 |   841 ||  2420
 Invoke: Berserk           |       |       |     3 |     6 |     3 ||    12
         Trog's Hand       |       |       |       |     7 |     2 ||     9
         Brothers in Arms  |       |       |       |     2 |     1 ||     3
    Use: Scroll            |     2 |     5 |     5 |    13 |     7 ||    32
         Potion            |       |     2 |       |     3 |     4 ||     9
 Armour: Scale mail        |    85 |     7 |       |       |       ||    92
         Chain mail        |       |   122 |   519 |   927 |   804 ||  2372
  Dodge: Dodged            |    55 |    65 |   265 |   457 |   455 ||  1297
         Repelled          |       |       |       |     6 |     2 ||     8
  Block: Buckler           |    17 |    30 |   144 |   340 |   499 ||  1030

Table legend: (Time is in decaauts)
 A = Elapsed time spent in this place.
 B = Non-inter-level travel time spent in this place.
 C = Inter-level travel time spent in this place.
 D = Time resting spent in this place.
 E = Time spent auto-exploring this place.
 F = Levels seen in this place.
 G = Mean time per level.
                   A        B        C        D        E       F      G
               +--------+--------+--------+--------+--------+-----+--------+
         Total |  17853 |  16939 |    914 |   2595 |   7815 |  19 |  939.6 |
       Dungeon |  10629 |   9930 |    699 |    927 |   5290 |  10 | 1062.9 |
        Temple |     39 |     34 |      5 |      0 |     19 |   1 |   39.0 |
          Lair |   6353 |   6144 |    209 |   1263 |   2485 |   5 | 1270.6 |
     Snake Pit |      7 |      7 |      0 |      0 |      0 |   1 |    7.0 |
       Ossuary |    298 |    298 |      0 |    116 |      0 |   1 |  298.0 |
        Bailey |    525 |    525 |      0 |    288 |     20 |   1 |  525.0 |
               +--------+--------+--------+--------+--------+-----+--------+

Top non-repeatable levels by time:
     D:5: 1933 daAuts
  Lair:5: 1554 daAuts
  Lair:4: 1374 daAuts
     D:4: 1359 daAuts
     D:6: 1322 daAuts
  Lair:2: 1191 daAuts
  Lair:3: 1125 daAuts
  Lair:1: 1108 daAuts
     D:9: 955 daAuts
     D:8: 955 daAuts
     D:1: 885 daAuts
     D:3: 874 daAuts
     D:7: 839 daAuts
    D:10: 834 daAuts
     D:2: 668 daAuts
